 Dungeon Crawl Stone Soup version 0.27-a0-1188-g73eefd5def (webtiles) character file.

Game seed: 922121979425612352

3 leviel the Firebug (level 1, -3/14 HPs)
             Began as a Hill Orc Fire Elementalist on May 21, 2021.
             Slain by a quokka (5 damage)
             ... on level 1 of the Dungeon.
             The game lasted 00:00:27 (95 turns).

leviel the Firebug (Hill Orc Fire Elementalist)       Turns: 95, Time: 00:00:27

Health: -3/14      AC:  2    Str: 10    XL:     1   Next: 50%
Magic:  0/3        EV: 12    Int: 15    God:
Gold:   8          SH:  0    Dex: 11    Spells: 2/3 levels left

rFire    + . .     SeeInvis .   (no weapon)
rCold    . . .     Faith    .   (no shield)
rNeg     . . .     Spirit   .   a - +0 robe
rPois    .         Reflect  .   (no helmet)
rElec    .         Harm     .   (no cloak)
rCorr    .         Rampage  .   (no gloves)
Will     .....                  (no boots)
Stlth    ++........             (no amulet)
HPRegen  0.04/turn              b - ring of protection from fire
MPRegen  0.08/turn              (no ring)

@: no status effects
A: no striking features
a: no special abilities


You were on level 1 of the Dungeon.
You visited 1 branch of the dungeon, and saw 1 of its levels.

You collected 8 gold pieces.

Inventory:

Armour
 a - a +0 robe (worn)
Jewellery
 b - a ring of protection from fire (left hand)


   Skills:
 + Level 1.7 Dodging
 + Level 1.5 Stealth
 + Level 1.5 Spellcasting
 + Level 1.0 Conjurations
 + Level 3.4 Fire Magic


You had 2 spell levels left.
You knew the following spells:

 Your Spells              Type           Power      Damage    Failure   Level
a - Foxfire               Conj/Fire      28%        2x1d5     10%         1

Your spell library contained the following spells:

 Spells                   Type           Power      Damage    Failure   Level
 Conjure Flame            Conj/Fire      7%         6-21      28%         3
 Inner Flame              Hex/Fire       6%         N/A       34%         3
 Sticky Flame             Conj/Fire      7%         2d3       67%         4
 Fireball                 Conj/Fire      3%         3d4       95%         5


Dungeon Overview and Level Annotations

Branches:
Dungeon (1/15)

Altars:


Message History

The hobgoblin is almost dead.
The bat barely misses you. The bat closely misses you. The bat hits you.
The bat barely misses you. The bat barely misses you.
The bat hits you but does no damage. The bat hits you but does no damage.
You are too injured to fight recklessly!
You are too injured to fight recklessly!
Casting: Foxfire (safe; 10% risk of failure)
Press: ? - help, Q - select action Dir - look around, f - activate You conjure some foxfire!
The bat barely misses you. The bat closely misses you.
The foxfire hits the bat.
The bat is severely wounded.
The foxfire hits the bat.
You kill the bat!
The quokka twitches its whiskers.
The quokka bites you.
* * * LOW HITPOINT WARNING * * *
Casting: Foxfire (safe; 10% risk of failure)
Press: ? - help, Q - select action Dir - look around, f - activate You conjure some foxfire!
The quokka bites you but does no damage.
The foxfire hits the hobgoblin.
You kill the hobgoblin!
The foxfire hits the quokka.
The quokka is severely wounded.
You don't have enough magic to cast this spell.
The quokka closely misses you. The quokka bites you.
* * * LOW HITPOINT WARNING * * *
Casting: Foxfire (safe; 10% risk of failure)
Press: ? - help, Q - select action Dir - look around, f - activate You conjure some foxfire!
The quokka barely misses you.
Your foxfire dissipates!
Found a scroll labelled XUVUKK IBRYL.
The quokka bites you.
You die...

#.....†.....#####
##...##.........#
##########..###.#
##≈≈≈≈≈≈≈≈.8.# #.#
#≈≈.....≈≈≈.## #.#
#≈..≈≈≈..≈≈.# #.#
#..≈≈≈≈≈..≈.# #.#
#.≈≈...≈≈.≈.+.##r####
+.≈..≈<≈..≈.+...@...#
+.≈)≈≈...≈≈.#.....#.#
#.≈..≈≈≈≈≈..#.........
#.≈≈..≈≈≈..≈#...#.#?###
#.≈≈≈.....≈≈#... ...#
.8.≈≈≈≈≈≈≈≈###.# .###
#.########## ## .# ..
.#


You could see a quokka.

Vanquished Creatures
  A bat (D:1)
  A hobgoblin (D:1)
  A frilled lizard (D:1)
3 creatures vanquished.

Vanquished Creatures (others)
  9 foxfires (D:1)
9 creatures vanquished.

Grand Total: 12 creatures vanquished

Notes
Turn   | Place    | Note
-------+----------+-------------------------------------------
     0 | D:1      | leviel the Hill Orc Fire Elementalist began the quest for
                  | the Orb.
     0 | D:1      | Reached XP level 1. HP: 14/14 MP: 3/3
    95 | D:1      | Slain by a quokka

Illustrated notes

Levels and vault maps discovered:
D:1:      psy_arrival_whirlpool, layout_loops_corners

Action                   || total
-------------------------++-------
 Cast: Foxfire           ||     7
Armor: Robe              ||     3
Dodge: Dodged            ||    19

Table legend: (Time is in decaauts)
 A = Elapsed time spent in this place.
 B = Non-inter-level travel time spent in this place.
 C = Inter-level travel time spent in this place.
 D = Time resting spent in this place.
 E = Time spent auto-exploring this place.
 F = Levels seen in this place.
 G = Mean time per level.
                   A        B        C        D        E       F      G
               +--------+--------+--------+--------+--------+-----+--------+
         Total |     95 |     95 |      0 |      0 |     49 |   1 |   95.0 |
       Dungeon |     95 |     95 |      0 |      0 |     49 |   1 |   95.0 |
               +--------+--------+--------+--------+--------+-----+--------+

Top non-repeatable levels by time:
     D:1: 95 daAuts
